AoeStats
← [RAT] G0rm

Lombardia

509145794Analyzed
4v4 RM · 7d ago on Sep 25, 2026· 38m 30s· 8 players
Game mode
Random Map
Map size
Large (8 player)
Population
200
Speed
Normal
Resources
Standard
Victory
Conquest
Starting age
Dark Age
Ending age
Imperial Age
RankedLock teamsTeams togetherTeam positionsShared explorationLock speedFull tech treeHidden civsTurbo modeCheats
Victory
Defeat
🇫🇷 Bengalis · France
1739
+8
🇷🇴 Japanese · Romania
1531
+16
🇳🇱 Danes · Netherlands
1526
+17
🇺🇸 Turks · United States
1485
+19
🇩🇪 Persians · Germany
1576
-16
🇨🇳 Dravidians · China
1553
-15
1539
-15
🇨🇳 Varangians · China
1512
-14
Captain Bananatoast
10:03 Feudal Age
14:28 Castle Age
12:38 Double-Bit Axe
12:41 Horse Collar
14:25 Loom
16:50 Bow Saw
16:51 Heavy Plow
20:49 Wheelbarrow
24:16 Hand Cart
23:59 Stone Mining
24:02 Gold Mining
24:49 Forging
26:38 Husbandry
27:34 Bloodlines
27:31 Scale Barding Armor
28:02 Iron Casting
31:20 Imperial Age
29:49 Chain Barding Armor
31:43 Coinage
31:25 Fletching
32:10 Conscription
31:16 Elite War Elephant
32:17 Conscription
34:48 Bodkin Arrow
35:34 Plate Barding Armor
34:26 Capped Ram
李雾月
0:46 Loom
10:53 Feudal Age
14:33 Castle Age
13:21 Double-Bit Axe
13:34 Horse Collar
21:59 Bow Saw
22:41 Wheelbarrow
23:12 Heavy Plow
24:01 Stone Mining
25:12 Fletching
25:28 Scale Barding Armor
26:14 Gold Mining
26:29 Loom
28:11 Forging
28:22 Chain Barding Armor
29:43 Hand Cart
29:45 Husbandry
30:46 Iron Casting
31:07 Bloodlines
35:34 Imperial Age
36:36 Conscription
DetectiveYemitoShumafuk
11:14 Feudal Age
15:37 Castle Age
14:03 Double-Bit Axe
14:39 Horse Collar
24:51 Loom
31:30 Bow Saw
33:52 Wheelbarrow
chenst2020
4:36 Loom
12:37 Feudal Age
18:02 Double-Bit Axe
24:17 Castle Age
22:52 Stone Mining
22:45 Horse Collar
27:30 Wheelbarrow
28:55 Bow Saw
32:34 Gold Mining
32:49 Heavy Plow
34:34 Hand Cart
37:18 Imperial Age
35:32 Fletching
36:02 Padded Archer Armor
36:08 Thumb Ring
37:34 Bodkin Arrow
38:22 Bracer
39:12 Leather Archer Armor
2rich4u81
8:06 Loom
9:51 Feudal Age
11:01 Double-Bit Axe
16:36 Castle Age
15:39 Horse Collar
16:13 Gold Mining
16:13 Stone Mining
17:32 Bow Saw
24:45 Wheelbarrow
24:59 Fletching
25:10 Padded Archer Armor
25:49 Caravan
27:57 Bodkin Arrow
30:37 Imperial Age
28:22 Forging
28:23 Bodkin Arrow
29:20 Leather Archer Armor
29:49 Hand Cart
30:08 Thumb Ring
31:03 Sipahi
30:44 Heavy Cavalry Archer
32:51 Two-Man Saw
32:30 Ring Archer Armor
33:10 Bracer
34:02 Parthian Tactics
37:45 Ballistics
37:21 Murder Holes
Kiddo
8:00 Loom
8:41 Loom
10:59 Feudal Age
14:55 Castle Age
13:06 Double-Bit Axe
13:31 Horse Collar
15:55 Bow Saw
18:05 Wheelbarrow
21:25 Heavy Plow
21:31 Gold Mining
23:07 Hand Cart
24:59 Town Watch
28:02 Imperial Age
26:39 Scale Barding Armor
26:45 Forging
27:39 Bloodlines
27:29 Husbandry
29:02 Chain Barding Armor
29:47 Iron Casting
30:14 Crop Rotation
29:27 Elite Battle Elephant
31:42 Plate Barding Armor
31:51 Conscription
31:47 Paiks
33:13 Blast Furnace
34:50 Pikeman
35:30 Squires
35:15 Gambesons
35:23 Halberdier
36:05 Scale Mail Armor
37:15 Chain Mail Armor
38:41 Caravan
[RAT] Havik_AoE
10:05 Feudal Age
9:26 Loom
10:38 Man-at-Arms
11:09 Double-Bit Axe
11:09 Horse Collar
15:11 Gold Mining
15:39 Scale Mail Armor
18:15 Castle Age
18:18 Long Swordsman
18:50 Gambesons
19:10 Arson
20:02 Bow Saw
22:01 Chain Mail Armor
22:54 Squires
24:01 Forging
28:23 Heavy Plow
28:59 Gold Shaft Mining
29:07 Wheelbarrow
31:25 Hand Cart
35:15 Imperial Age
33:58 Iron Casting
33:03 Hamask
33:43 Pikeman
35:15 Onager
35:25 Halberdier
36:41 Town Watch
36:45 Siege Onager
37:42 Murder Holes
38:05 Masonry
39:00 Plate Mail Armor
[RAT] G0rm
11:25 Feudal Age
13:59 Loom
16:30 Castle Age
14:59 Double-Bit Axe
14:56 Horse Collar
17:33 Bow Saw
17:26 Loom
19:01 Fletching
19:12 Town Watch
23:03 Wheelbarrow
24:12 Heavy Plow
26:45 Gold Mining
29:23 Guard Tower
32:11 Imperial Age
30:13 Forging
30:04 Scale Mail Armor
29:40 Pikeman
30:13 Treadmill Crane
30:43 Squires
30:28 Arson
31:26 Bodkin Arrow
31:57 Ballistics
31:35 Murder Holes
32:23 Chain Mail Armor
32:24 Fortified Wall
33:14 Yasama
33:34 Halberdier
34:07 Arrowslits
35:45 Chemistry
35:56 Bracer
Connection lost

Rejoining the realm…

Still unreachable

The connection could not be restored.

Session expired

The server has moved on; the page needs a fresh start.